 Dungeon Crawl Stone Soup version 0.26-a0-52-gd53d4cd (webtiles) character file.

Game seed: 11693919298179943733

88 thirtiethelement the Shield-Bearer (level 4, -4/41 HPs)
             Began as a Gnoll Fighter on June 6, 2020.
             Slain by a wight
             ... wielding a +1 falchion of electrocution
              (14 damage)
             ... in an ossuary.
             The game lasted 00:02:54 (1182 turns).

thirtiethelement the Shield-Bearer (Gnoll Fighter)  Turns: 1182, Time: 00:02:56

Health: -4/41      AC:  7    Str: 20    XL:     4   Next: 53%
Magic:  5/5        EV: 10    Int: 10    God:
Gold:   78         SH:  6    Dex: 20    Spells: 5/5 levels left

rFire    . . .     SeeInvis .   a - +0 war axe
rCold    . . .     Gourm    .   e - +0 buckler
rNeg     . . .     Faith    .   b - +0 scale mail
rPois    .         Spirit   .   (no helmet)
rElec    .         Reflect  .   (no cloak)
rCorr    .         Harm     .   (no gloves)
MR       .....                  (no boots)
Stlth    +.........             (no amulet)
HPRegen  0.13/turn              l - +6 ring of dexterity
MPRegen  0.09/turn              (no ring)

@: drained
A: distributed training, fangs 1, strong nose
a: no special abilities


You were in an ossuary.
You were not hungry.

You visited 1 branch of the dungeon, and saw 3 of its levels.
You also visited: Ossuary.

You collected 78 gold pieces.

Inventory:

Hand Weapons
 a - a +0 war axe (weapon)
Missiles
 m - 2 silver javelins (quivered)
Armour
 b - a +0 scale mail (worn)
 c - a +0 kite shield
 e - a +0 buckler (worn)
Jewellery
 l - a +6 ring of dexterity (left hand)
Scrolls
 h - 2 scrolls of teleportation
 o - 2 scrolls of enchant armour {unknown}
 p - a scroll of identify
 q - a scroll of fear
 r - a scroll of noise {unknown}
Potions
 d - a potion of might
 i - a potion of ambrosia
 j - a potion of curing {unknown}
 k - a potion of heal wounds {unknown}
 n - 2 potions of mutation {unknown}
Comestibles
 f - 2 rations
 g - 3 chunks of flesh


   Skills:
 + Level 6.6(5.9) Fighting
 + Level 1.1(0.6) Short Blades
 + Level 1.1(0.6) Long Blades
 + Level 4.6(4.0) Axes
 + Level 1.1(0.6) Maces & Flails
 + Level 1.1(0.6) Polearms
 + Level 1.1(0.6) Staves
 + Level 1.1(0.6) Slings
 + Level 1.1(0.6) Bows
 + Level 1.1(0.6) Crossbows
 + Level 1.1(0.6) Throwing
 + Level 6.6(5.9) Armour
 + Level 1.1(0.6) Dodging
 + Level 1.1(0.6) Stealth
 + Level 6.6(5.9) Shields
 + Level 1.1(0.6) Unarmed Combat
 + Level 1.1(0.6) Spellcasting
 + Level 0.9(0.3) Conjurations
 + Level 0.9(0.3) Hexes
 + Level 0.9(0.3) Charms
 + Level 0.9(0.3) Summonings
 + Level 0.9(0.3) Necromancy
 + Level 0.9(0.3) Translocations
 + Level 0.9(0.3) Transmutations
 + Level 0.9(0.3) Fire Magic
 + Level 0.9(0.3) Ice Magic
 + Level 0.9(0.3) Air Magic
 + Level 0.9(0.3) Earth Magic
 + Level 0.9(0.3) Poison Magic
 + Level 1.2(0.7) Invocations
 + Level 1.1(0.6) Evocations


You had 5 spell levels left.
You didn't know any spells.
Your spell library was empty.

Dungeon Overview and Level Annotations

Branches:
Dungeon (4/15)            Ossuary (1/1)
 Temple: D:4-7

Altars:


Innate Abilities, Weirdness & Mutations

Your experience applies equally to all skills.
You have very sharp teeth.
Your uncanny sense of smell can sniff out nearby items.


Message History

The wight is heavily damaged.
The wight hits you with a +1 falchion of electrocution!
You hit the wight but do no damage.
The wight is heavily damaged.
The wight hits you with a +1 falchion of electrocution.
You feel drained.
You hit the wight.
The wight is severely damaged.
The wight hits you but does no damage.
You hit the wight but do no damage.
The wight is severely damaged.
The wight hits you with a +1 falchion of electrocution!
You feel drained.
You hit the wight.
The wight is severely damaged.
The wight barely misses you.
The wight hits you with a +1 falchion of electrocution.
* * * LOW HITPOINT WARNING * * *
You are electrocuted!
You die...

##.## ##.# ###..#
#...## ##...###
#######......##
#.#.##........## ∆
##+#+#+#'#'#..........#
∆
+.......@..'.......#..#
∆
##+#+#+#z#'#......##.##
#.#.##......#.#
#######....##.#
##.....## ##...## #####


You could see a wight.

Vanquished Creatures
  Terence (D:2)
  An adder (D:2)
  An ooze (D:1)
  A dart slug (D:1)
  7 giant cockroaches
  5 goblins (D:1)
  8 hobgoblins
  2 kobolds (D:1)
  A ball python (D:1)
  5 bats (D:1)
  A frilled lizard (D:1)
  A hobgoblin skeleton (Ossuary)
  A kobold zombie (Ossuary)
  7 rats
42 creatures vanquished.

Notes
Turn   | Place    | Note
-------+----------+-------------------------------------------
     0 | D:1      | thirtiethelement the Gnoll Fighter began the quest for the
                  | Orb.
     0 | D:1      | Reached XP level 1. HP: 23/23 MP: 1/1
    39 | D:1      | You fall into a shaft and drop 1 floor!
    91 | D:2      | Reached XP level 2. HP: 29/29 MP: 2/2
   363 | D:1      | Reached XP level 3. HP: 34/35 MP: 3/3
   654 | D:1      | Reached skill level 1 in Invocations
  1009 | D:2      | Reached skill level 1 in Short Blades
  1009 | D:2      | Reached skill level 1 in Long Blades
  1009 | D:2      | Reached skill level 1 in Maces & Flails
  1009 | D:2      | Reached skill level 1 in Polearms
  1009 | D:2      | Reached skill level 1 in Staves
  1009 | D:2      | Reached skill level 1 in Slings
  1009 | D:2      | Reached skill level 1 in Bows
  1009 | D:2      | Reached skill level 1 in Crossbows
  1009 | D:2      | Reached skill level 1 in Throwing
  1009 | D:2      | Reached skill level 1 in Dodging
  1009 | D:2      | Reached skill level 1 in Stealth
  1009 | D:2      | Reached skill level 1 in Unarmed Combat
  1009 | D:2      | Reached skill level 1 in Spellcasting
  1009 | D:2      | Reached skill level 1 in Evocations
  1009 | D:2      | Reached XP level 4. HP: 41/41 MP: 5/5
  1039 | D:2      | Noticed Terence
  1048 | D:2      | Killed Terence
  1099 | D:2      | You fall into a shaft and drop 2 floors!
  1109 | D:4      | Found a sand-covered staircase.
  1117 | Ossuary  | Entered an ossuary
  1182 | Ossuary  | Slain by a wight

Illustrated notes

Levels and vault maps discovered:
D:1:      psy_arrival_whirlpool, layout_basic, minmay_tromino_v7
D:2:      layout_loops_ring, uniq_terence
D:4:      layout_rooms, marbit_many_paths, nicolae_ossuary_entry_plus,
          first_ration, uniq_sigmund, uniq_natasha
Ossuary:  ossuary_due_cavern

Skill      XL: |  1  2  3 |
---------------+----------+-----
Invocations    | 1 |  1.2
Short Blades   | 1 |  1.1
Long Blades    | 1 |  1.1
Maces & Flails | 1 |  1.1
Polearms       | 1 |  1.1
Staves         | 1 |  1.1
Slings         | 1 |  1.1
Bows           | 1 |  1.1
Crossbows      | 1 |  1.1
Throwing       | 1 |  1.1
Dodging        | 1 |  1.1
Stealth        | 1 |  1.1
Unarmed Combat | 1 |  1.1
Spellcasting   | 1 |  1.1
Evocations     | 1 |  1.1
Fighting       | |  6.6
Axes           | |  4.6
Armour         | |  6.6
Shields        | |  6.6
Conjurations   | |  0.9
Hexes          | |  0.9
Charms         | |  0.9
Summonings     | |  0.9
Necromancy     | |  0.9
Translocations | |  0.9
Transmutations | |  0.9
Fire Magic     | |  0.9
Ice Magic      | |  0.9
Air Magic      | |  0.9
Earth Magic    | |  0.9
Poison Magic   | |  0.9

Action                   |  1- 3 |  4- 6 || total
-------------------------+-------+-------++-------
Melee: War axe           |    97 |    18 ||   115
       Bite              |     8 |     4 ||    12
  Use: Scroll            |     5 |       ||     5
  Eat: Chunk             |       |     1 ||     1
Armor: Scale mail        |    48 |     3 ||    51
Dodge: Dodged            |    47 |     6 ||    53
Block: Kite shield       |    10 |       ||    10
       Buckler           |    26 |     1 ||    27

Table legend:
 A = Non-vault XP
 B = Vault XP
 C = Vault XP percentage of total XP
 D = Non-vault monster count
 E = Vault monster count
 F = Vault count percentage of total count
                 A         B        C        D         E       F
            +---------+---------+-------+---------+---------+-------
      Total |      80 |      46 |  36.5 |      35 |       7 |  16.7
            +---------+---------+-------+---------+---------+-------
        D:1 |      51 |       6 |  10.5 |      26 |       4 |  13.3
        D:2 |      29 |      38 |  56.7 |       9 |       1 |  10.0
    Ossuary |       0 |       2 | 100.0 |       0 |       2 | 100.0
            +---------+---------+-------+---------+---------+-------
